 Dungeon Crawl Stone Soup version 0.23.1 (webtiles) character file.

Game seed: 10543121582205343474

63 Borgoz the Sneak (level 4, 0/33 HPs)
             Began as a Ghoul Enchanter on Mar 13, 2019.
             Slain by Natasha (7 damage)
             ... on level 2 of the Dungeon.
             The game lasted 00:02:24 (1106 turns).

Borgoz the Sneak (Ghoul Enchanter)                  Turns: 1106, Time: 00:02:25

Health: 0/33       AC:  3    Str: 11    XL:     4   Next: 10%
Magic:  0/6        EV: 12    Int: 10    God:
Gold:   55         SH:  0    Dex: 10    Spells: 4/7 levels left

rFire    . . .     SeeInvis .   j - +0 short sword
rCold    + . .     Gourm    .   (no shield)
rNeg     + + +     Faith    .   b - +0 robe
rPois    ∞         Spirit   .   (no helmet)
rElec    .         Reflect  .   (no cloak)
rCorr    .         Harm     .   (no gloves)
MR       .....                  h - +0 pair of boots
Stlth    ++........             (no amulet)
HPRegen  0.00/turn              (no ring)
MPRegen  0.10/turn              (no ring)

@: very slightly contaminated, rotting
A: rotting body, claws 1, carnivore, cold resistance 1, negative energy
resistance 3, inhibited regeneration, torment resistance, unbreathing
a: no special abilities


You were on level 2 of the Dungeon.
You were not hungry.

You visited 1 branch of the dungeon, and saw 2 of its levels.

You collected 55 gold pieces.

Inventory:

Hand Weapons
 a - a +1 dagger
 j - a +0 short sword (weapon)
Armour
 b - a +0 robe (worn)
 h - a +0 pair of boots (worn)
Scrolls
 e - a scroll of remove curse {unknown}
 g - a scroll of immolation {unknown}
 k - a scroll of amnesia {unknown}
 l - 2 scrolls of identify {unknown}
 n - a scroll of teleportation {unknown}
Potions
 f - 2 potions of brilliance {unknown}
 i - 2 potions of curing {unknown}
 m - a potion of flight {unknown}
Comestibles
 c - 4 chunks of flesh
 d - 3 rations


   Skills:
 + Level 1.5 Short Blades
 * Level 1.6 Armour
 + Level 2.1 Dodging
 + Level 3.9 Stealth
 + Level 2.1 Spellcasting
 - Level 2.4 Hexes


You had 4 spell levels left.
You knew the following spells:

 Your Spells              Type           Power        Failure   Level  Hunger
a - Corona                Hex            #......      12%         1    ##.....
b - Ensorcelled Hibernat  Hex/Ice        #.....       28%         2    ###....

Your spell library contained the following spells:

 Spells                   Type           Power        Failure   Level  Hunger
 Confuse                  Hex            #.......     34%         3    ####...
 Tukima's Dance           Hex            #.......     34%         3    ####...
 Dazzling Spray           Conj/Hex       #.....       50%         3    ####...


Dungeon Overview and Level Annotations

Branches:
Dungeon (2/15)

Altars:
Qazlal

Annotations:
D:2 Natasha


Innate Abilities, Weirdness & Mutations

Your body is rotting away.
You thrive on raw meat.
You are immune to poison.
You have sharp fingernails.
You are carnivorous and can eat meat at any time.
Your flesh is cold resistant. (rC+)
You are immune to negative energy. (rN+++)
You do not regenerate when monsters are visible.
You are immune to unholy pain and torment.
You can survive without breathing.


Message History

Natasha stares at you and mumbles some strange words.
You resist with some effort.
You barely miss Natasha.
Natasha is severely wounded.
Natasha claws you.
You closely miss Natasha.
Natasha is severely wounded.
Natasha claws you.
Some of the chunks of flesh in your inventory have rotted away.
You hit Natasha.
Natasha is almost dead.
Natasha claws you!
* * * LOW HITPOINT WARNING * * *
Eat one of 5 chunks of flesh? (ye/n/q)
You eat one of the 5 chunks of flesh.
This raw flesh tastes great!
Natasha casts a spell.
You barely miss Natasha.
Natasha is almost dead.
Natasha claws you!
You die...

##÷#.##.....#..(....
#.###.......########
##.#.##.....#
##.####...##
#.......## #.#####.#
#.# #.#
#.###5##.....
#...h@.w.# .#.
#####.##.# #.. ..
#.## ## #.# ... ...
...


You could see a worm, Natasha and a crimson imp.

Vanquished Creatures
  Jessica (D:2)
  An adder (D:2)
  2 dart slugs (D:1)
  3 giant cockroaches
  3 goblins
  2 hobgoblins (D:2)
  2 jackals (D:1)
  2 kobolds (D:1)
  A quokka (D:2)
  A ball python (D:1)
  3 bats (D:1)
  A frilled lizard (D:2)
  2 rats (D:1)
24 creatures vanquished.

Notes
Turn   | Place    | Note
-------+----------+-------------------------------------------
     0 | D:1      | Borgoz the Ghoul Enchanter began the quest for the Orb.
     0 | D:1      | Reached XP level 1. HP: 14/14 MP: 2/2
   120 | D:1      | Reached skill level 1 in Short Blades
   328 | D:1      | Reached XP level 2. HP: 19/20 MP: 3/3
   493 | D:1      | Reached skill level 1 in Armour
   583 | D:1      | Learned a level 2 spell: Ensorcelled Hibernation
   685 | D:2      | Found a stormy altar of Qazlal.
   685 | D:2      | Noticed Jessica
   705 | D:2      | Reached XP level 3. HP: 26/26 MP: 5/5
   730 | D:2      | Killed Jessica
   868 | D:2      | Reached XP level 4. HP: 16/33 MP: 1/6
  1096 | D:2      | Noticed Natasha
  1106 | D:2      | Slain by Natasha

Skill      XL: |  1  2 |
---------------+-------+-----
Short Blades   | 1 |  1.5
Armour         | 1 |  1.6
Dodging        | 2 |  2.1
Spellcasting   | 2 |  2.1
Stealth        | |  3.9
Hexes          | |  2.4

Action                   |  1- 3 |  4- 6 || total
-------------------------+-------+-------++-------
Melee: Dagger            |    52 |       ||    52
       Short sword       |    25 |    18 ||    43
 Cast: Corona            |     1 |       ||     1
       Ensorcelled Hiber |     2 |     4 ||     6
 Stab: Sleeping          |     3 |     2 ||     5
  Eat: Chunk             |     1 |     4 ||     5
Armor: Robe              |    19 |     1 ||    20
Dodge: Dodged            |    60 |    10 ||    70
